 Dungeon Crawl Stone Soup version 0.27.0-1-g7a089689b8 (webtiles) character file.

Game seed: 10635471091624018922

190 inmateoo the Skirmisher (level 5, -5/69 HPs)
             Began as a Demigod Warper on Aug 2, 2021.
             Killed from afar by an orc wizard (7 damage)
             ... with a puff of flame
             ... on level 4 of the Dungeon.
             The game lasted 00:05:09 (3775 turns).

inmateoo the Skirmisher (Demigod Warper)            Turns: 3775, Time: 00:05:10

Health: -5/69      AC: 11    Str: 14    XL:     5   Next: 17%
Magic:  11/11      EV: 11    Int: 19    God:
Gold:   163        SH:  0    Dex: 13    Spells: 4/9 levels left

rFire    . . .     SeeInvis .   b - +0 spear (protect)
rCold    . . .     Faith    .   (no shield)
rNeg     . . .     Spirit   .   e - +0 leather armour
rPois    .         Reflect  .   (no helmet)
rElec    .         Harm     .   (no cloak)
rCorr    .         Rampage  .   (no gloves)
Will     .....     Clarity  +   r - +0 pair of boots
Stlth    ..........             (no amulet)
HPRegen  0.00/turn              (no ring)
MPRegen  0.12/turn              (no ring)

@: berserking, under a protective aura, inhibited regen, hasted, very quick
A: high mp 1, forlorn, hooves 1, clarity, inhibited regeneration, strong 1
a: no special abilities


You were on level 4 of the Dungeon.
You visited 1 branch of the dungeon, and saw 4 of its levels.

You collected 163 gold pieces.

Inventory:

Hand Weapons
 a - a +0 hunting sling
 b - a +0 spear of protection (weapon)
Missiles
 d - 5 boomerangs of dispersal (quivered)
 h - 18 stones
 k - 14 poisoned darts
Armour
 e - a +0 leather armour (worn)
 r - a +0 pair of boots (worn)
Jewellery
 i - an amulet of the acrobat
Scrolls
 c - a scroll of blinking
 j - 3 scrolls of teleportation
Potions
 f - a potion of brilliance
 o - a potion of invisibility {unknown}
 p - a potion of attraction {unknown}


   Skills:
 + Level 4.2 Fighting
 - Level 1.7 Polearms
 - Level 0.8 Throwing
 - Level 0.8 Armour
 - Level 1.7 Dodging
 + Level 2.6 Spellcasting
 + Level 3.4 Translocations


You had 4 spell levels left.
You knew the following spells:

 Your Spells              Type           Power      Damage    Failure   Level
a - Blink                 Tloc           N/A        N/A       8%          2
b - Gell's Gravitas       Tloc           7%         N/A       14%         3

Your spell library contained the following spells:

 Spells                   Type           Power      Damage    Failure   Level
 Lesser Beckoning         Tloc           7%         N/A       14%         3
 Teleport Other           Tloc           15%        N/A       14%         3
 Freeze                   Ice            8%         1d3       21%         1
 Frozen Ramparts          Ice            4%         1d2       52%         3
 Hailstorm                Conj/Ice       2%         3d3       89%         4
 Manifold Assault         Tloc           15%        N/A       80%         5


Dungeon Overview and Level Annotations

Branches:
Dungeon (4/15)             Temple (0/1) D:4


Innate Abilities, Weirdness & Mutations

Your attributes grow dramatically as you level up.
You have an increased reservoir of magic. (+10% MP)
You shall have no god before yourself.
You have large cloven feet.
You possess an exceptional clarity of mind.
You do not regenerate when monsters are visible.
Your muscles are strong. (Str +2)


Message History

You hear some strange, mumbled words.
Something tries to affect you, but you resist.
You bump into the rock wall.
You hear some strange, mumbled words.
A puff of flame appears from out of thin air!
The puff of flame hits you.
* * * LOW HITPOINT WARNING * * *
Okay, then.
You barely miss something. Something hits you but does no damage.
You bump into the rock wall.
Something hits you.
* * * LOW HITPOINT WARNING * * *
You bump into the rock wall.
Something hits you.
* * * LOW HITPOINT WARNING * * *
You completely miss something. Something hits you.
* * * LOW HITPOINT WARNING * * *
It was a potion of haste.
You feel yourself speed up.
You feel less confused. Something hits you.
* * * LOW HITPOINT WARNING * * *
It was a potion of curing.
You feel better. Something hits you.
* * * LOW HITPOINT WARNING * * *
It was a potion of mutation.
You feel extremely strange.
Your thoughts seem clearer.
You feel stronger.
Your regeneration stops near monsters.
Your feet thicken and deform.
You hear some strange, mumbled words.
A puff of flame appears from out of thin air!
The puff of flame hits you.
* * * LOW HITPOINT WARNING * * *
Okay, then.
It was a potion of berserk rage.
A red film seems to cover your vision as you go berserk!
You feel yourself moving faster!
You feel mighty!
An orc wizard appears from thin air!
Reactivating autopickup.
You hit the orc wizard but do no damage.
Your weapon exudes an aura of protection.
The orc wizard is almost dead.
The orc wizard casts a spell at you. The puff of flame hits you!
You die...

#. #. #. ##+###.
....... .......
#######
.......######.....#
....(.(gooo@'.....#
......#######.....#
..... #........#
.... #.#......####
.g. #.#..†.......
.. #.#.......... .
#.#..........
#.#(#+#######
#.#.#.#


You could see an orc wizard, 2 orcs and a hobgoblin.

Vanquished Creatures
  A hound (D:3)
  A jelly (D:4)
  A hound skeleton (D:4)
  3 adders (D:3)
  2 dart slugs (D:1)
  A worm (D:2)
  3 orcs
  7 ball pythons
  5 bats (D:1)
  5 endoplasms
  A giant cockroach (D:4)
  6 goblins
  9 hobgoblins
  10 jackals
  2 quokkas (D:2)
  3 frilled lizards
  10 kobolds
  5 rats
75 creatures vanquished.

Vanquished Creatures (others)
  4 jackals (D:3)
4 creatures vanquished.

Grand Total: 79 creatures vanquished

Notes
Turn   | Place    | Note
-------+----------+-------------------------------------------
     0 | D:1      | inmateoo the Demigod Warper began the quest for the Orb.
     0 | D:1      | Reached XP level 1. HP: 17/17 MP: 5/5
    44 | D:1      | Reached skill level 2 in Fighting
   499 | D:1      | Reached XP level 2. HP: 23/25 MP: 7/7
   699 | D:1      | Reached skill level 3 in Fighting
  1170 | D:1      | Reached XP level 3. HP: 27/31 MP: 8/8
  1859 | D:2      | Learned a level 2 spell: Blink
  1914 | D:2      | Learned a level 3 spell: Gell's Gravitas
  2600 | D:3      | Reached XP level 4. HP: 40/40 MP: 9/9
  2863 | D:3      | Noticed an angel
  3487 | D:4      | Reached skill level 4 in Fighting
  3490 | D:4      | Noticed a lemure
  3491 | D:4      | Noticed a lemure
  3514 | D:3      | Reached XP level 5. HP: 30/46 MP: 11/11
  3648 | D:4      | Found a staircase to the Ecumenical Temple.
  3773 | D:4      | Gained mutation: You possess an exceptional clarity of
                  | mind. [potion of mutation]
  3773 | D:4      | Gained mutation: Your muscles are strong. (Str +2) [potion
                  | of mutation]
  3773 | D:4      | Gained mutation: You do not regenerate when monsters are
                  | visible. [potion of mutation]
  3773 | D:4      | Gained mutation: You have large cloven feet. [potion of
                  | mutation]
  3773 | D:4      | HP: 1/46 [something/puff of flame (6)]
  3775 | D:4      | Killed from afar by an orc wizard

Illustrated notes

Levels and vault maps discovered:
D:1:      dpeg_chamrin_arrival_tetris, layout_loops_ring,
          hellmonk_ecumenical_altar_arch_garden
D:2:      layout_basic
D:3:      layout_loops_ring, zin_angel, mainiacjoe_overflow_alcove_4,
          fiery_altar_vehumet, nicolae_overflow_crystal_walls,
          serial_bayou_pond_e, minivault_24, nrook_mini_vaults,
          grunt_decor_one_mirror
D:4:      layout_basic, slow_altar_1, minmay_temple_entry_statues_pillars,
          minmay_misc_feat_chi, grunt_ministairs_12, uniq_sigmund, uniq_grinder,
          uniq_pikel

Skill      XL: |  1  2  3  4 |
---------------+-------------+-----
Fighting       | 2 3 4 |  4.2
Spellcasting   | 2 |  2.6
Translocations | 3 |  3.4
Polearms       | |  1.7
Throwing       | |  0.8
Armour         | |  0.8
Dodging        | |  1.7

Action                   |  1- 3 |  4- 6 || total
-------------------------+-------+-------++-------
Melee: Spear             |   156 |    63 ||   219
 Fire: Hunting sling     |    60 |    45 ||   105
  Use: Scroll            |       |     3 ||     3
       Potion            |       |     4 ||     4
 Stab: Sleeping          |     3 |       ||     3
Armor: Leather armour    |    27 |    35 ||    62
Dodge: Dodged            |    91 |    46 ||   137
